 Dungeon Sprint DCSS version 0.31-a0-981-geadf994542 (webtiles) character file.

Game seed: 14522540909988204138

22823 fozzywoppz the Severer (level 12, 0/187 HPs)
             Began as a Minotaur Fighter on Nov 1, 2023.
             Was the Champion of Qazlal.
             Succumbed to an emperor scorpion's poison
             ... in the Dungeon (Sprint V: "Ziggurat Sprint") on Nov 2, 2023.
             The game lasted 00:17:50 (1617 turns).

fozzywoppz the Severer (Minotaur Fighter)           Turns: 1617, Time: 00:17:51

Health: 0/187      AC: 32    Str: 29    XL:     12   Next: 66%
Magic:  14/20      EV:  8    Int:  2    God:    Qazlal [******]
Gold:   0          SH: 30    Dex: 16    Spells: 11/11 levels left

rFire   + + .        P - +9 morningstar "Zaiduvuwk" {vamp, +Blink Str+2 Stlth+}
rCold   + . .        G - +3 tower shield
rNeg    . . .        F - +9 gold dragon scales
rPois   +            (helmet restricted)
rElec   +            K - +0 cloak {rCorr}
rCorr   +            (no gloves)
SInv    .            (no boots)
Will    +++..        I - necklace of Bloodlust {Fury *Rage Will++ Int-3 Slay+6} Stlth
                     D - ring "Eneesick" {Contam rElec rF+ Will+ Dex+3}
HPRegen 0.51/turn    y - ring of Yvetoe {rPois Str+6}
MPRegen 0.17/turn

%: no teleportation, random rage (50%), repel missiles
@: berserking, lethally poisoned (0 -> -18), slowed, studying 2 skills
A: horns 2, retaliatory headbutt, low MP 1, weak 1
a: Renounce Religion, Evoke Blink, Upheaval, Elemental Force, Disaster Area


You were in the Dungeon.
You worshipped Qazlal.
Qazlal was exalted by your worship.
You visited 1 branch

Inventory:

Hand Weapons
 z - the +9 lajatang "Nar Meosuof" {speed, rPois rC++}
   (You took it off a naga in the Dungeon)

   rC++:      It greatly protects you from cold.
   rPois:     It protects you from poison
 B - the +16 obsidian axe {drain, demonic, Mesm Drain Fly SInv}
   (You found it in the Dungeon)

   Mesm:      Its wielder is mesmerised by any visible foes, and it cannot be
   unequipped while any foes are visible.
   SInv:      It lets you see invisible.
   Fly:       It grants you flight.
   Drain:     It drains your maximum health when unequipped.
 C - the +6 shillelagh "Devastator" {shatter}
   (You found it in the Dungeon)
 O - the +7 lajatang of Order {silver, rMut}
   (You found it in the Dungeon)

   rMut:      It protects you from mutation.
 P - the +9 morningstar "Zaiduvuwk" (weapon) {vamp, +Blink Str+2 Stlth+}
   (You found it in the Dungeon)

   Str+2:     It affects your strength (+2).
   +Blink:    It lets you blink.
   Stlth+:    It makes you more stealthy.
Missiles
 L - 2 throwing nets
Armour
 v - the +0 cloak of Duadwel {rC+}
   (You found it in the Dungeon)

   rC+:       It protects you from cold.
 E - a +5 crystal plate armour
 F - +9 gold dragon scales (worn)
 G - a +3 tower shield (worn)
 K - a +0 cloak of preservation (worn)
Jewellery
 a - the ring of Uruqeum {rPois rN+ Int+3 Slay+3 Stlth-}
   (You found it in the Dungeon)

   [ring of poison resistance]

   Int+3:     It affects your intelligence (+3).
   Slay+3:    It affects your accuracy & damage with ranged weapons and melee
   (+3).
   rPois:     It protects you from poison rN+: It protects you from negative
   energy.
   Stlth-:    It makes you less stealthy.
 c - the ring of Orhiliot {Wiz Will+ SInv}
   (You found it in the Dungeon)

   [ring of wizardry]

   Wiz:       It improves your spell success rate.
   Will+:     It increases your willpower.
   SInv:      It lets you see invisible.
 n - an amulet of regeneration
 u - an amulet of magic regeneration
 y - the ring of Yvetoe (right hand) {rPois Str+6}
   (You found it in the Dungeon)

   [ring of strength]

   Str+6:     It affects your strength (+6).
   rPois:     It protects you from poison
 D - the ring "Eneesick" (left hand) {Contam rElec rF+ Will+ Dex+3}
   (You found it in the Dungeon)

   [ring of willpower]

   Dex+3:     It affects your dexterity (+3).
   rF+:       It protects you from fire.
   rElec:     It insulates you from electricity.
   Will+:     It increases your willpower.
   Contam:    It causes magical contamination when unequipped.
 H - a +5 ring of evasion
 I - the necklace of Bloodlust (around neck) {Fury *Rage Will++ Int-3 Slay+6}
   (You found it in the Dungeon)

   [amulet of nothing]

   Fury:      It extends the wearer's berserk rage when killing foes.
   Int-3:     It affects your intelligence (-3).
   Slay+6:    It affects your accuracy & damage with ranged weapons and melee
   (+6).
   Will++:    It greatly increases your willpower.
   *Rage:     It berserks you when you make melee attacks (+50% chance).
 J - the ring of Devotion {rC+++ rCorr Dex+2}
   (You found it in the Dungeon)

   [ring of resist corrosion]

   Dex+2:     It affects your dexterity (+2).
   rC+++:     It renders you almost immune to cold.
   rCorr:     It protects you from acid and corrosion.
Wands
 b - a wand of roots (7)
 s - a wand of mindburst (5)
 t - a wand of light (8)
 x - a wand of flame (25)
 M - a wand of paralysis (27)
Scrolls
 j - 4 scrolls of blinking
 o - 4 scrolls of amnesia
 p - 7 scrolls of fog
 q - 5 scrolls of identify
 r - 2 scrolls of fear
Potions
 d - 6 potions of might
 e - 9 potions of curing
 f - 9 potions of heal wounds
 g - 16 potions of haste
 h - 7 potions of magic
 i - 3 potions of berserk rage
 k - 2 potions of brilliance
 l - 2 potions of invisibility
 m - 4 potions of resistance


   Skills:
 + Level 17.2 Fighting
 - Level 18.0(18.7) Axes
 + Level 9.1(15.6) Maces & Flails
 + Level 9.1(10.8) Staves
 + Level 17.2 Armour
 - Level 5.0 Dodging
 - Level 15.0 Shields
 + Level 15.3 Invocations


You had 11 spell levels left.
You didn't know any spells.
Your spell library contained the following spells:

 Spells                   Type           Power      Damage    Failure   Level
 Apportation              Tloc           0%         N/A       100%        1
 Cigotuvi's Dreadful Rot  Necr/Pois/Air  0%         N/A       100%        2
 Jinxbite                 Hex            0%         N/A       100%        2
 Passwall                 Tmut/Erth      0%         N/A       100%        2
 Scorch                   Fire           0%         2d5       100%        2
 Static Discharge         Conj/Air       0%         3-3/arc   100%        2
 Call Canine Familiar     Summ           0%         N/A       100%        3
 Dazzling Flash           Conj/Hex       0%         N/A       100%        3
 Ignite Poison            Fire/Tmut/Pois 0%         N/A       100%        3
 Ozocubu's Armour         Ice            0%         N/A       100%        3
 Vampiric Draining        Necr           0%         2d6       100%        3
 Volatile Blastmotes      Fire/Tloc      0%         2d10      100%        3
 Airstrike                Air            0%         2d(0-16)  100%        4
 Animate Armour           Summ/Erth      0%         N/A       100%        4
 Cause Fear               Hex            0%         N/A       100%        4
 Flame Wave               Conj/Fire      0%         2d4       100%        4
 Fulminant Prism          Conj/Hex       0%         3d5       100%        4
 Iskenderun's Mystic Bla  Conj/Tloc      0%         2d3       100%        4
 Petrify                  Tmut/Erth      0%         N/A       100%        4
 Summon Lightning Spire   Summ/Air       0%         N/A       100%        4
 Alistair's Intoxication  Tmut/Pois      0%         N/A       100%        5
 Metabolic Englaciation   Hex/Ice        0%         N/A       100%        5
 Simulacrum               Ice/Necr       0%         N/A       100%        6
 Starburst                Conj/Fire      0%         6d3       100%        6
 Borgnjor's Revivificati  Necr           0%         N/A       100%        8
 Fire Storm               Conj/Fire      0%         5d1       100%        9
 Shatter                  Erth           0%         3d5*      100%        9


Dungeon Overview and Level Annotations

Branches:
Dungeon (1/1)

Altars:
Ashenzari
Cheibriados
Dithmenos
Elyvilon
Fedhas
Gozag
Hepliaklqana
Kikubaaqudgha
Makhleb
Nemelex Xobeh
Okawaru
Qazlal
Ru
Sif Muna
Trog
Uskayaw
Vehumet
Wu Jian
Xom
Yredelemnul
Zin
The Shining One
Jiyva
Lugonu


Innate Abilities, Weirdness & Mutations

You have a pair of horns on your head.
You reflexively headbutt those who attack you in melee.
Your magical capacity is low. (-10% MP)
You are weak. (Str -2)


Message History

You block the death scarab's attack. x2
Unknown command.
You puncture the royal mummy! You headbutt the royal mummy.
The royal mummy is almost destroyed.
The death scarab completely misses you. The death scarab bites you!
* * * LOW HITPOINT WARNING * * *
The death scarab drains your vigour!
You feel yourself slow down.
The death scarab draws strength from your injuries!
You block the death scarab's attack. The emperor scorpion stings you!
* * * LOW HITPOINT WARNING * * *
You are lethally poisoned!
The emperor scorpion poisons you! The emperor scorpion barely misses you.
You block the emperor scorpion's attack.
You block the royal mummy's attack.
You are too berserk!
You are too berserk!
You bludgeon the royal mummy!!
The necklace of Bloodlust glows a violent red.
You destroy the royal mummy!
Qazlal accepts your kill.
The death scarab disappears in a puff of smoke!
You feel extremely nervous for a moment...
You are engulfed in negative energy!
You feel drained.
* * * LOW HITPOINT WARNING * * *
You feel extremely sick. You block the death scarab's attack.
The death scarab bites you.
* * * LOW HITPOINT WARNING * * *
The death scarab drains your vigour!
You feel as though you will be slow longer.
The death scarab draws strength from your injuries!
The death scarab bites you but does no damage.
You block the emperor scorpion's attack. x3
Your life force feels restored.
Your Fighting skill increases to level 17!
Your base Maces & Flails skill increases to level 9!
Your base Staves skill increases to level 9!
Your Armour skill increases to level 17!
You closely miss the emperor scorpion. You headbutt the emperor scorpion.
The emperor scorpion is severely wounded.
You die...

▓.[...▓..)..▓.
▓..:Ms≈/[=..▓▓..)..▓.....▓.
▓..M≈≈.9....▓▓.....▓.....▓.
▓≈..≈.≈B....▓▓.....▓..)..▓.
▓...sM......▓▓.....▓.))..▓.
≈§...... .▓▓..©..▓..©..▓▓
▓§§§§§ B▓▓▓▓▓▓▓▓▓▓▓▓▓▓▓
▓▓§§B▓▓▓B▓..8©8...▓..8©8
▓..▓.§§§§▓@.▓..)))...▓...|[
▓...§§BMMsB§▓...)....▓.....
▓▓▓▓▓▓▓▓▓▓▓▓▓........▓.....
▓....8©8....▓........▓....†
▓..|.).[....▓.▓....▓.▓.▓...
▓....).|=...▓...©....▓...©.
▓...........▓▓▓▓▓▓▓▓▓▓▓▓▓▓▓
▓...........▓...8©8...▓..8©
▓...........▓.)).|)...▓....


You could see 2 royal mummies, an emperor scorpion (summoned) and 4 death
scarabs.

Vanquished Creatures
  A royal mummy (D)
  2 acid blobs (D)
  A nagaraja (D)
  3 rockslimes (D)
  An azure jelly (D)
  A quicksilver ooze (D)
  A ghoul (D)
  2 two-headed ogres (D)
  A death scarab (D)
  2 naga warriors (D)
  3 soul eaters (D)
  A shining eye (D)
  A black mamba (D)
  3 eyes of devastation (D)
  A naga mage (D)
  3 merfolk (D)
  2 wind drakes (D)
  4 glass eyes (D)
  4 slime creatures (D)
  4 golden eyes (D)
  2 ushabtiu (D)
  3 nagas (D)
  A hell hound (D)
  3 water moccasins (D)
  An ogre (D)
  A phantom (D)
  2 centaurs (D)
  A small abomination (D)
  A crimson imp (D)
  7 jellies (D)
  An iron imp (D)
  2 mummies (D)
  4 adders (D)
  A shadow imp (D)
  4 white imps (D)
  An ufetubus (D)
  5 adder zombies (D)
  A spectral bat (D)
  3 bat skeletons (D)
  2 bat zombies (D)
  6 endoplasms (D)
  2 ball pythons (D)
  A ball python skeleton (D)
  2 ball python zombies (D)
  4 giant cockroach zombies (D)
  2 jackal skeletons (D)
  A jackal zombie (D)
  2 quokka zombies (D)
107 creatures vanquished.

Vanquished Creatures (collateral kills)
  2 slime creatures (D)
  A jelly (D)
3 creatures vanquished.

Vanquished Creatures (others)
  An anaconda (D)
1 creature vanquished.

Grand Total: 111 creatures vanquished

Notes
Turn   | Place    | Note
-------+----------+-------------------------------------------
     0 | D        | fozzywoppz the Minotaur Fighter began the quest for the
                  | Orb.
     0 | D        | Reached XP level 1. HP: 19/19 MP: 0/0
     0 | D        | Found a shimmering blue altar of Sif Muna.
     0 | D        | Found a sacrificial altar of Ru.
     0 | D        | Found a bloodstained altar of Trog.
     0 | D        | Found a stormy altar of Qazlal.
     0 | D        | Found an iron altar of Okawaru.
     0 | D        | Found a sparkling altar of Nemelex Xobeh.
     0 | D        | Found a blossoming altar of Fedhas.
     0 | D        | Found the +6 Majin-Bo {spellvamp, MP+6 Int+6}
     0 | D        | Found the +27 heavy crossbow "Sniper" {heavy, Acc+∞ SInv}
     0 | D        | Found the +10 dark maul {heavy}
     0 | D        | Found the +15 Maxwell's patent armour {-Cast -Tele rElec
                  | Will+ rCorr}
     0 | D        | Found the +18 shield of the Gong {Loud rN+ Will+ rCorr
                  | EV-5}
     0 | D        | Found the +16 obsidian axe {drain, demonic, Mesm Drain Fly
                  | SInv}
     0 | D        | Found the +7 great mace "Firestarter" {flame, immolate,
                  | rFlCloud rF++}
     0 | D        | Found the +6 shillelagh "Devastator" {shatter}
     0 | D        | Found the +11 plutonium sword {Contam Stlth-}
     0 | D        | Found the +8 lance "Wyrmbane" {slay drac, rPois rF+ rC+
                  | AC+3}
     0 | D        | Found the +9 sword of Zonguldrok {reap}
     0 | D        | Found the +13 scythe of Curses {drain, curses, Drain}
     0 | D        | Found the +9 sword of Power {lifebolt}
     0 | D        | Found the +7 mace of Variability {chaos, chaos arc}
     0 | D        | Found the +11 Singing Sword {sonic wave}
     0 | D        | Found the +8 storm bow {elec, penet}
     2 | D        | Found a transporter.
     2 | D        | Found an ancient bone altar of Kikubaaqudgha.
     2 | D        | Found a viscous altar of Jiyva.
     2 | D        | Found a corrupted altar of Lugonu.
     2 | D        | Found a hazy altar of Hepliaklqana.
     2 | D        | Found a burning altar of Makhleb.
     2 | D        | Found an opulent altar of Gozag.
    71 | D        | Reached skill level 5 in Fighting
    71 | D        | Reached skill level 4 in Axes
    71 | D        | Reached skill level 5 in Armour
    71 | D        | Reached skill level 5 in Shields
    71 | D        | Reached XP level 2. HP: 29/29 MP: 1/1
    98 | D        | Became a worshipper of Qazlal Stormbringer
   106 | D        | Entered arena 2.
   106 | D        | Noticed a golden eye
   106 | D        | Found a transporter.
   112 | D        | Reached XP level 3. HP: 34/36 MP: 2/2
   114 | D        | Killed a golden eye
   115 | D        | Reached skill level 6 in Axes
   115 | D        | Reached skill level 5 in Dodging
   115 | D        | Reached XP level 4. HP: 46/47 MP: 3/3
   115 | D        | Reached XP level 5. HP: 51/52 MP: 4/4
   122 | D        | Got the ring of Orhiliot {Wiz Will+ SInv}
   149 | D        | Entered arena 3.
   149 | D        | Noticed a two-headed ogre
   149 | D        | Noticed an ogre
   149 | D        | Noticed a two-headed ogre
   149 | D        | Found a transporter.
   154 | D        | Killed an ogre
   154 | D        | Reached * piety under Qazlal
   155 | D        | Reached skill level 7 in Axes
   156 | D        | Killed a two-headed ogre
   157 | D        | Reached skill level 10 in Fighting
   157 | D        | Reached skill level 10 in Axes
   157 | D        | Reached skill level 10 in Armour
   157 | D        | Reached skill level 10 in Shields
   157 | D        | Reached XP level 6. HP: 49/67 MP: 5/5
   157 | D        | Reached XP level 7. HP: 54/73 MP: 6/6
   162 | D        | Killed a two-headed ogre
   163 | D        | Reached skill level 11 in Axes
   163 | D        | Reached XP level 8. HP: 41/82 MP: 7/7
   305 | D        | Entered arena 4.
   305 | D        | Found a transporter.
   308 | D        | Reached ** piety under Qazlal
   317 | D        | Got Sif Muna's Lectures on Quicksand
   325 | D        | Entered arena 5.
   325 | D        | Noticed a glass eye
   325 | D        | Noticed a slime creature
   325 | D        | Found a transporter.
   327 | D        | Reached *** piety under Qazlal
   334 | D        | Killed a glass eye
   334 | D        | Killed a slime creature
   363 | D        | Entered arena 6.
   363 | D        | Found a transporter.
   365 | D        | Reached **** piety under Qazlal
   369 | D        | Reached ***** piety under Qazlal
   370 | D        | Reached skill level 12 in Axes
   370 | D        | Reached skill level 1 in Invocations
   375 | D        | Got the ring of Darchic {Will++ AC+4 Int+4 Dex-3}
   381 | D        | Entered arena 7.
   381 | D        | Noticed a black mamba
   382 | D        | Found a transporter.
   385 | D        | Reached XP level 9. HP: 80/91 MP: 7/9
   388 | D        | Killed a black mamba
   403 | D        | Got the Incunabulum of the Sun
   411 | D        | Entered arena 8.
   412 | D        | Found a transporter.
   417 | D        | Reached ****** piety under Qazlal
   429 | D        | Got the ring of Devotion {rC+++ rCorr Dex+2}
   463 | D        | Entered arena 9.
   463 | D        | Noticed a wind drake
   463 | D        | Noticed a merfolk
   463 | D        | Noticed a merfolk
   463 | D        | Noticed a merfolk
   463 | D        | Noticed a wind drake
   464 | D        | Found a transporter.
   474 | D        | Killed a wind drake
   478 | D        | Reached skill level 13 in Axes
   483 | D        | Killed a merfolk
   488 | D        | Killed a wind drake
   495 | D        | Killed a merfolk
   496 | D        | Reached skill level 5 in Invocations
   496 | D        | Killed a merfolk
   497 | D        | Reached XP level 10. HP: 18/102 MP: 11/13
   729 | D        | Entered arena 10.
   730 | D        | Found a transporter.
   742 | D        | Got the Monograph on Limned Guile
   744 | D        | Got the ring "Utabez" {rCorr Int+2}
   748 | D        | Got the Compendium of Convocation
   767 | D        | Entered arena 11.
   767 | D        | Noticed a shining eye
   768 | D        | Found a transporter.
   783 | D        | Gained mutation: Your magical capacity is low. (-10% MP) [a
                  | shining eye]
   785 | D        | Reached skill level 14 in Axes
   788 | D        | Gained mutation: You are weak. (Str -2) [a shining eye]
   796 | D        | Killed a shining eye
   813 | D        | Got the ring of Uruqeum {rPois rN+ Int+3 Slay+3 Stlth-}
   834 | D        | Entered arena 12.
   834 | D        | Noticed a ghoul
   835 | D        | Noticed a soul eater
   835 | D        | Noticed a soul eater
   835 | D        | Noticed a soul eater
   845 | D        | Killed a soul eater
   848 | D        | Killed a ghoul
   849 | D        | Reached skill level 15 in Shields
   851 | D        | Killed a soul eater
   852 | D        | Reached skill level 15 in Fighting
   852 | D        | Reached skill level 15 in Axes
   852 | D        | Reached skill level 15 in Armour
   852 | D        | Found a transporter.
   853 | D        | Killed a soul eater
   868 | D        | Got the ring of Yvetoe {rPois Str+6}
  1022 | D        | Entered arena 13.
  1022 | D        | Noticed a rockslime
  1022 | D        | Noticed an azure jelly
  1022 | D        | Noticed a rockslime
  1022 | D        | Noticed an eye of devastation
  1023 | D        | Noticed an acid blob
  1027 | D        | Reached XP level 11. HP: 112/112 MP: 4/15
  1027 | D        | Found the +7 lajatang of Order {silver, rMut}
  1029 | D        | Killed an azure jelly
  1030 | D        | Reached skill level 16 in Axes
  1030 | D        | Reached skill level 10 in Invocations
  1031 | D        | Killed an acid blob
  1032 | D        | Reached skill level 17 in Axes
  1032 | D        | Killed a rockslime
  1033 | D        | Reached skill level 18 in Axes
  1040 | D        | Killed a rockslime
  1042 | D        | Found a transporter.
  1061 | D        | Got the +9 morningstar "Zaiduvuwk" {vamp, +Blink Str+2
                  | Stlth+}
  1301 | D        | Entered arena 14.
  1301 | D        | Noticed an anaconda
  1302 | D        | Noticed a nagaraja
  1302 | D        | Noticed a naga warrior
  1303 | D        | Noticed a naga warrior
  1303 | D        | Identified the +9 lajatang "Nar Meosuof" {speed, rPois
                  | rC++}
  1306 | D        | Found a transporter.
  1312 | D        | Killed a naga warrior
  1314 | D        | Killed an anaconda
  1322 | D        | Killed a nagaraja
  1327 | D        | Killed a naga warrior
  1331 | D        | Reached skill level 5 in Maces & Flails
  1331 | D        | Reached skill level 5 in Staves
  1331 | D        | Reached XP level 12. HP: 86/122 MP: 19/19
  1431 | D        | Got the +0 cloak of Duadwel {rC+}
  1481 | D        | Entered arena 15.
  1481 | D        | Noticed a quicksilver ooze
  1481 | D        | Noticed an acid blob
  1482 | D        | Noticed a rockslime
  1482 | D        | Found the necklace of Bloodlust {Fury *Rage Will++ Int-3
                  | Slay+6}
  1483 | D        | Killed a quicksilver ooze
  1487 | D        | Killed an acid blob
  1490 | D        | Killed a rockslime
  1500 | D        | Found a transporter.
  1514 | D        | Got the ring "Eneesick" {Contam rElec rF+ Will+ Dex+3}
  1524 | D        | Got the Omnibus of Lamentation
  1582 | D        | Entered arena 16.
  1582 | D        | Noticed a death scarab
  1582 | D        | Noticed a royal mummy
  1583 | D        | Noticed a royal mummy
  1585 | D        | Noticed a death scarab
  1585 | D        | Noticed a death scarab
  1585 | D        | Noticed a death scarab
  1585 | D        | Noticed a death scarab
  1585 | D        | Killed a death scarab
  1585 | D        | Noticed a royal mummy
  1586 | D        | Noticed a death scarab
  1586 | D        | Noticed a death scarab
  1586 | D        | Noticed a death scarab
  1586 | D        | Noticed a mummy priest
  1587 | D        | Noticed an emperor scorpion
  1587 | D        | Noticed an emperor scorpion
  1588 | D        | Noticed a death scarab
  1603 | D        | Reached skill level 15 in Invocations
  1606 | D        | Noticed a death scarab
  1609 | D        | Noticed a death scarab
  1609 | D        | Noticed an emperor scorpion
  1611 | D        | Noticed a death scarab
  1611 | D        | Noticed a death scarab
  1613 | D        | Noticed a death scarab
  1616 | D        | Killed a royal mummy
  1616 | D        | HP: 6/171 [poisoned by an emperor scorpion]
  1617 | D        | Succumbed to an emperor scorpion's poison

Illustrated notes

Levels and vault maps discovered:
D:        sprint_v [room_start, room_1, room_2, room_3, room_4, room_5, room_6,
          room_7, room_8, room_9, room_10, room_11, room_12, room_13, room_14,
          room_15, room_16, room_17, room_18, room_19, room_20, room_21,
          room_22, room_23, room_24, room_25, room_26, room_27]

Skill      XL: |  1  2  3  4  5  6  7  8  9 10 11 12 |
---------------+-------------------------------------+-----
Fighting       | 5 7 10 11 12 13 15 17 | 17.2
Axes           | 4 6 10 11 12 13 15 18 | 18.0
Armour         | 5 7 10 11 12 13 15 17 | 17.2
Dodging        | 4 5 |  5.0
Shields        | 5 7 10 11 12 13 15 | 15.0
Invocations    | 1 5 9 14 15 | 15.3
Maces & Flails | 5 9 |  9.1
Staves         | 5 9 |  9.1

Action                     |  1- 3 |  4- 6 |  7- 9 | 10-12 || total
---------------------------+-------+-------+-------+-------++-------
  Melee: Shillelagh        |     3 |     4 |     3 |       ||    10
         Headbutt          |       |       |    15 |    24 ||    39
         Broad axe         |       |       |    54 |    45 ||    99
         Morningstar       |       |       |       |    54 ||    54
 Invoke: Upheaval          |       |       |       |     3 ||     3
         Disaster Area     |       |       |       |     3 ||     3
         Elemental Force   |       |       |       |     1 ||     1
Ability: Evoke Blink       |       |       |       |     1 ||     1
  Evoke: Wand              |       |     2 |       |     3 ||     5
    Use: Potion            |     1 |     1 |     2 |     1 ||     5
         Scroll            |       |       |       |     5 ||     5
   Stab: Invisible         |       |       |       |     1 ||     1
         Paralysed         |       |       |       |     1 ||     1
 Armour: Gold dragon scale |     3 |     4 |    61 |    89 ||   157
  Dodge: Dodged            |       |     3 |    22 |    30 ||    55
         Repelled          |       |       |     1 |     5 ||     6
  Block: Kite shield       |       |     4 |    93 |    37 ||   134
         Tower shield      |       |       |       |   127 ||   127

Table legend: (Time is in decaauts)
 A = Elapsed time spent in this place.
 B = Non-inter-level travel time spent in this place.
 C = Inter-level travel time spent in this place.
 D = Time resting spent in this place.
 E = Time spent auto-exploring this place.
 F = Levels seen in this place.
 G = Mean time per level.
                   A        B        C        D        E       F      G
               +--------+--------+--------+--------+--------+-----+--------+
         Total |   1563 |   1563 |      0 |    780 |     66 |   1 | 1563.0 |
       Dungeon |   1563 |   1563 |      0 |    780 |     66 |   1 | 1563.0 |
               +--------+--------+--------+--------+--------+-----+--------+

Top non-repeatable levels by time:
       D: 1563 daAuts
